 Dungeon Crawl Stone Soup version 0.19.1-1-g22dce08 (webtiles) character file.

532 Alarkh the Cleaver (level 7, 52/54 (57) HPs)
             Began as a Mottled Draconian Monk on Jan 18, 2017.
             Quit the game on level 6 of the Dungeon.
             The game lasted 00:04:50 (3542 turns).

Alarkh the Cleaver (Mottled Draconian Monk)         Turns: 3542, Time: 00:04:51

HP:   52/54 (57)    AC:  9    Str: 18    XL:     7   Next: 3%
MP:   7/7           EV: 13    Int: 12    God:
Gold: 177           SH:  0    Dex: 14    Spells: 0 memorised, 6 levels left

rFire  . . .     SeeInvis .     a - +0 hand axe
rCold  . . .     Gourm    .     (armour unavailable)
rNeg   . . .     Faith    .     (no shield)
rPois  .         Spirit   .     (helmet restricted)
rElec  .         Reflect  .     (no cloak)
rCorr  .         Harm     .     o - +2 pair of gloves
MR     .....                    (no boots)
Stlth  ++........               u - amulet of magic regeneration
                                (no ring)
                                s - +5 ring of strength

@: no status effects
A: breathe sticky flame splash, unfitting armour, cold-blooded, AC +6
a: Breathe Sticky Flame


You were on level 6 of the Dungeon.
You were hungry.

You visited 2 branches of the dungeon, and saw 7 of its levels.

You collected 177 gold pieces.

Inventory:

Hand Weapons
 a - a +0 hand axe (weapon)
Armour
 o - a +2 pair of gloves (worn)
Jewellery
 k - an uncursed ring of fire
 s - a +5 ring of strength (left hand)
 u - an amulet of magic regeneration (around neck)
Scrolls
 e - 3 scrolls of identify
 f - 3 scrolls of remove curse {unknown}
 g - 2 scrolls of fog
 i - a scroll of immolation {unknown}
 j - a scroll of amnesia {unknown}
 m - a scroll of recharging {unknown}
 n - a scroll of enchant weapon {unknown}
 p - a scroll of magic mapping {unknown}
 r - 7 scrolls of blinking {unknown}
 t - a scroll of enchant armour {unknown}
 w - a scroll of random uselessness {unknown}
Potions
 c - 3 potions of curing
 d - 2 potions of flight
 h - a potion of cure mutation
 l - a potion of cancellation
 v - a potion of lignification {unknown}
Comestibles
 b - 3 bread rations
 q - 2 royal jellies


   Skills:
 - Level 3.2 Fighting
 + Level 8.1 Axes
 - Level 2.6 Dodging
 - Level 1.7 Stealth


You had 6 spell levels left.
You didn't know any spells.

Dungeon Overview and Level Annotations

Branches:
Dungeon (6/15)             Temple (1/1) D:6

Altars:
Ashenzari
Cheibriados
Dithmenos
Elyvilon
Fedhas
Gozag
Kikubaaqudgha
Nemelex Xobeh
Qazlal
Ru
Sif Muna
Trog
Uskayaw
Vehumet
Xom
Yredelemnul
Zin
The Shining One

Annotations:
D:4 Purgy
D:5 dscm's ghost, weakling FeEE


Innate Abilities, Weirdness & Mutations

You can spit globs of burning liquid.
You can ignite nearby creatures when you spit burning liquid.
Your weird mottled scales are hard. (AC +6)
You cannot fit into any form of body armour.
You are cold-blooded and may be slowed by cold attacks.


Message History

A howler monkey comes into view.
The howler monkey howls!
The howler monkey hoots and howls with incredible vigour!
You hear a shout! x3
You barely miss the howler monkey.
The howler monkey hoots and howls with incredible vigour!
You slash the howler monkey! You tail-slap the howler monkey.
The howler monkey is severely wounded.
The howler monkey barely misses you.
You barely miss the howler monkey.
The howler monkey is severely wounded.
The howler monkey hits you. The howler monkey closely misses you.
You hit the howler monkey.
You kill the howler monkey!
Your Axes skill increases to level 8!
You have reached level 7!
Your scales start taking on a weird mottled colour.
You learn Fire Magic quicker.
You can spit globs of burning liquid.
You can ignite nearby creatures when you spit burning liquid.
Are you sure you want to abandon this character and quit the game? (Confirm with "yes".)

#.......# #..<<...#
#.......# #.......###
#.....>...###
#.......#...#
#.......###.## ###.#
#.>......##..###......
########.###..@†......
#.# ##.....####
#...#....###
.#........# ..
..####...# ......#
..... .......# ##.#..
.o....... .... ......
#...


There were no monsters in sight!

Vanquished Creatures
  A phantom (D:5)
  A necrophage (D:3)
  A centaur (D:5)
  A howler monkey (D:6)
  A bullfrog zombie (D:5)
  2 orc wizards
  A worker ant (D:5)
  A hound zombie (D:5)
  2 adders
  An adder zombie (D:5)
  2 worms
  A dart slug (D:5)
  2 leopard geckos
  11 orcs
  A ball python (D:2)
  5 bats
  2 giant cockroaches
  8 goblins
  6 hobgoblins
  13 kobolds
  3 quokkas
  4 frilled lizards
  8 rats
78 creatures vanquished.

Notes
Turn   | Place    | Note
-------+----------+-------------------------------------------
     0 | D:1      | Alarkh the Draconian Monk began the quest for the Orb.
     0 | D:1      | Reached XP level 1. HP: 19/19 MP: 1/1
    76 | D:1      | Reached XP level 2. HP: 21/26 MP: 2/2
   788 | D:2      | Reached skill level 4 in Axes
  1051 | D:2      | Reached XP level 3. HP: 31/31 MP: 3/3
  1212 | D:2      | Found a hide-covered altar of Uskayaw.
  1212 | D:2      | Found a faded altar of an unknown god.
  1236 | D:2      | Found a faded altar of an unknown god.
  1238 | D:2      | Found a faded altar of an unknown god.
  1240 | D:2      | Found a faded altar of an unknown god.
  1587 | D:3      | Reached skill level 5 in Axes
  1587 | D:3      | Reached XP level 4. HP: 21/38 MP: 4/4
  1687 | D:3      | Found a blossoming altar of Fedhas.
  1706 | D:3      | Found an opulent altar of Gozag.
  1925 | D:3      | Noticed a necrophage
  1946 | D:3      | Killed a necrophage
  1946 | D:3      | Reached skill level 6 in Axes
  1946 | D:3      | Reached XP level 5. HP: 24/42 MP: 5/5
  2142 | D:3      | Found a glowing golden altar of the Shining One.
  2220 | D:3      | Found a basalt altar of Yredelemnul.
  2451 | D:4      | Noticed a slave
  2470 | D:4      | Noticed Purgy
  2618 | D:5      | Entered Level 5 of the Dungeon
  2975 | D:5      | Reached XP level 6. HP: 40/48 MP: 6/6
  3063 | D:5      | Reached skill level 7 in Axes
  3148 | D:5      | Noticed dscm's ghost (weakling FeEE)
  3448 | D:6      | Found a staircase to the Ecumenical Temple.
  3457 | D:6      | Noticed an orc warrior
  3466 | Temple   | Entered the Ecumenical Temple
  3541 | D:6      | Reached skill level 8 in Axes
  3541 | D:6      | Your scales start taking on a weird mottled colour.
  3541 | D:6      | Reached XP level 7. HP: 52/54 MP: 7/7
  3542 | D:6      | Quit the game

Skill      XL: |  1  2  3  4  5  6 |
---------------+-------------------+-----
Axes           | 4 5 6 8 |  8.1
Fighting       | |  3.2
Dodging        | |  2.6
Stealth        | |  1.7

Action                   |  1- 3 |  4- 6 |  7- 9 || total
-------------------------+-------+-------+-------++-------
Melee: Hand axe          |   126 |   168 |       ||   294
       Tailslap          |    15 |    24 |       ||    39
  Use: Scroll            |     3 |     1 |       ||     4
       Potion            |       |     1 |       ||     1
 Stab: Sleeping          |     5 |     5 |       ||    10
  Eat: Chunk             |     2 |     6 |       ||     8
Armor: Skin              |    32 |    51 |       ||    83
Dodge: Dodged            |   101 |    79 |       ||   180
